Map: Jagannatha LE

Players

PiLiPiLi

  • Race: Protoss Protoss

DisK - Winner!

  • Race: Protoss Protoss

Event: DreamHack SC2 Masters 2021 Fall

VOD

Have the link to the VOD?

Description

Time

  • Played on: Aug. 3, 2021, 5:50 p.m.
  • Length: 6:14

All games in this series

Show
View Real Time Build Order
Export as new Build Order

PiLiPiLi Protoss 

Build Orders:  

Get SALT Encoding   

  12  0:00  Probe  
  13  0:12  Probe  
  14  0:17  Pylon  
  14  0:24  Probe (Chrono Boost)  
  15  0:37  Probe (Chrono Boost)  
  15  0:38  Gateway  
  16  0:44  Probe (Chrono Boost)  
  16  0:47  Assimilator  
  17  0:51  Probe  
  17  0:55  Assimilator  
  18  1:03  Probe (Chrono Boost)  
  19  1:08  Gateway  
  19  1:15  Probe (Chrono Boost)  
  20  1:21  Probe (Chrono Boost)  
  21  1:25  Cybernetics Core  
  21  1:29  Probe  
  22  1:40  Pylon  
  22  1:41  Probe  
  23  1:58  Probe  
  24  2:03  Sentry, Stalker, Warp Gate (Chrono Boost)  
  28  2:09  Pylon  
  28  2:11  Probe  
  29  2:25  Probe  
  30  2:31  Sentry  
  30  2:33  Stalker  
  34  2:53  Nexus  
  35  2:58  Shield Battery  
  35  3:03  Pylon  
  34  3:06  Probe  
  35  3:13  Pylon  
  35  3:18  Probe  
  36  3:21  Pylon  
  36  3:28  Twilight Council  
  36  3:30  Probe  
  37  3:42  Probe  
  38  3:49  Stalker  
  38  3:50  Stalker  
  38  3:54  Probe  
  43  4:01  Blink (Chrono Boost)  
  43  4:02  Pylon  
  43  4:05  Probe  
  43  4:07  Probe  
  45  4:13  Stalker  
  47  4:18  Stalker  
  47  4:19  Probe  
  49  4:36  Probe  
  43  4:44  Stalker x2  
  43  4:45  Probe  
  48  4:49  Probe  
  49  4:56  Pylon  
  49  4:57  Probe  
  48  5:06  Probe  
  49  5:07  Stalker  
  49  5:08  Stalker  
  53  5:14  Gateway  
  53  5:21  Pylon  
  53  5:26  Probe x2  
  55  5:34  Stalker  
  55  5:35  Stalker  
  59  5:38  Probe  
  59  5:41  Probe  
  61  5:47  Pylon  
  59  6:00  Probe  
  56  6:07  Stalker x2  
Show
View Real Time Build Order
Export as new Build Order

DisK Protoss - Winner!

Build Orders:  

Get SALT Encoding   

  12  0:00  Probe  
  13  0:12  Probe  
  14  0:17  Pylon  
  14  0:24  Probe  
  15  0:35  Gateway  
  15  0:37  Probe (Chrono Boost)  
  16  0:46  Assimilator, Probe (Chrono Boost)  
  17  0:51  Probe  
  17  0:55  Assimilator  
  18  1:03  Probe (Chrono Boost)  
  19  1:09  Gateway  
  19  1:14  Probe (Chrono Boost)  
  20  1:20  Probe (Chrono Boost)  
  20  1:25  Cybernetics Core  
  21  1:31  Probe  
  22  1:36  Pylon  
  22  1:43  Probe  
  23  1:55  Probe  
  23  1:58  Warp Gate (Chrono Boost)  
  24  2:01  Adept x2  
  24  2:08  Probe  
  29  2:12  Pylon  
  29  2:21  Pylon  
  29  2:31  Adept x2  
  32  2:53  Nexus  
  32  3:01  Adept x2  
  36  3:07  Probe  
  36  3:09  Pylon  
  37  3:28  Probe  
  38  3:40  Probe (Chrono Boost)  
  39  3:41  Adept x2  
  39  3:44  Twilight Council  
  43  3:52  Probe (Chrono Boost)  
  44  3:58  Forge  
  44  4:00  Probe (Chrono Boost)  
  45  4:04  Sentry  
  47  4:10  Sentry  
  47  4:11  Shield Battery  
  47  4:16  Probe (Chrono Boost)  
  51  4:17  Probe (Chrono Boost)  
  52  4:25  Probe (Chrono Boost)  
  52  4:28  Probe  
  53  4:38  Probe  
  52  4:39  Stalker  
  52  4:40  Stalker  
  52  4:42  Probe  
  57  4:51  Probe  
  58  4:54  Probe  
  57  5:04  Probe  
  57  5:06  Gateway x2  
  57  5:07  Probe  
  55  5:11  Stalker  
  57  5:14  Stalker  
  57  5:19  Pylon  
  59  5:24  Photon Cannon  
  59  5:28  Probe  
  61  5:30  Assimilator  
  60  5:37  Stalker  
  60  5:38  Stalker  
  64  5:43  Shield Battery  
  62  6:00  Probe  
  60  6:07  Photon Cannon  
  60  6:09  Stalker  
  60  6:10  Stalker x3  

Tags
 
Add a new tag
Caveats
  • Supply blocks, unpowered buildings, or Contaminate may cause inaccurate times.
  • Supply counts are checked every 10 seconds.